 Dungeon Crawl Stone Soup version 0.31.0-12-g77e489cdc1 (webtiles) character file.

Game seed: 6368559717216095428

41 Gadfly the Apothecary (level 3, -3/20 HPs)
             Began as a Deep Elf Alchemist on Feb 22, 2024.
             Slain by an orc priest
             ... wielding a +0 falchion
              (6 damage)
             ... on level 2 of the Dungeon.
             The game lasted 00:03:39 (2009 turns).

Gadfly the Apothecary (Deep Elf Alchemist)          Turns: 2009, Time: 00:03:40

Health: -3/20      AC:  3    Str:  3    XL:     3   Next: 32%
Magic:  0/9        EV: 13    Int: 21    God:
Gold:   68         SH:  0    Dex: 15    Spells: 5/8 levels left

rFire   . . .        a - +4 spear (venom)
rCold   . . .        (no shield)
rNeg    . . .        l - +1 robe
rPois   .            (no helmet)
rElec   .            (no cloak)
rCorr   .            (no gloves)
SInv    .            (no boots)
Will    .....        h - amulet of guardian spirit
Stlth   ++           (no ring)
HPRegen 0.23/turn    (no ring)
MPRegen 0.11/turn

%: guardian spirit
@: no status effects
A: weak 1
a: no special abilities


You were on level 2 of the Dungeon.
You visited 1 branch of the dungeon, and saw 3 of its levels.

You collected 128 gold pieces.
You spent 60 gold pieces at shops.

Inventory:

Hand Weapons
 a - a +4 spear of venom (weapon)
 i - a +5 dagger
Armour
 l - a +1 robe (worn)
Jewellery
 h - an amulet of guardian spirit (around neck)
Scrolls
 f - a scroll of fog
 m - a scroll of blinking
Potions
 b - a potion of magic
 c - a potion of heal wounds
 e - 2 potions of lignification
 g - 2 potions of mutation
 j - 2 potions of brilliance
 k - a potion of might {unknown}


   Skills:
 + Level 0.9 Fighting
 + Level 2.9 Dodging
 - Level 2.4 Stealth
 + Level 3.3 Spellcasting
 + Level 1.6 Conjurations
 + Level 0.8 Fire Magic
 + Level 3.4 Alchemy
 + Level 0.9 Evocations


You had 5 spell levels left.
You knew the following spells:

 Your Spells              Type           Power      Damage    Failure   Level
a - Sting                 Conj/Alch      56%        1d6       4%          1
b - Mercury Vapours       Alch/Air       20%        N/A       10%         2

Your spell library contained the following spells:

 Spells                   Type           Power      Damage    Failure   Level
 Mephitic Cloud           Conj/Alch/Air  10%        N/A       19%         3
 Olgreb's Toxic Radiance  Alch           18%        N/A       30%         4
 Sticky Flame             Fire/Alch      12%        2d5       45%         4


Dungeon Overview and Level Annotations

Branches:
Dungeon (3/15)

Altars:
Zin

Shops:
D:1 *   D:3 *


Innate Abilities, Weirdness & Mutations

You are weak. (Str -2)


Message History

Beogh smites you!
You hit the orc priest.
The orc priest looks even sicker.
The orc priest is heavily wounded.
The orc priest hits you with a +0 dagger.
You are too injured to fight recklessly!
You are too injured to fight recklessly!
You are too injured to fight recklessly!
You are too injured to fight recklessly!
You are too injured to fight recklessly!
You are too injured to fight recklessly!
You are too injured to fight recklessly!
You are too injured to fight recklessly!
You are too injured to fight recklessly!
You are too injured to fight recklessly!
You are too injured to fight recklessly!
You are too injured to fight recklessly!
You are too injured to fight recklessly!
You are too injured to fight recklessly!
Unknown command.
You are too injured to fight recklessly!
The orc priest attacks as it pursues you!
The orc priest hits you with a +0 dagger.
There is a stone staircase leading up here.
You climb upwards.
There is a stone staircase leading down here.
You barely miss the orc priest. The orc priest closely misses you.
The orc priest barely misses you.
You hit the orc priest.
The orc priest is poisoned.
The orc priest is moderately wounded.
The orc priest hits you with a +0 falchion.
* * * LOW HITPOINT WARNING * * *
You hit the orc priest.
The orc priest looks as sick as possible!
The orc priest is severely wounded.
The orc priest hits you with a +0 falchion.
* * * LOW HITPOINT WARNING * * *
You barely miss the orc priest.
The orc priest is severely wounded.
The orc priest hits you with a +0 falchion!
You die...

#.# #.#...+....#<........#.# #.#
#.##.##....########.##.# #.####
#.##.##..)...[......##)#
#....####.##.##.............<#.#
#....+..#.##.####.#.....##..##.#
##...##.#............##.#....#.#
#...##.#.##.#####...##.#..#.#.##
##...##..............##.##.#.#...
.'...'.........o@#...##.##.#.####
##.).##..._...........#.##.#.#
##...##..........#.#..#.##.#.#
##....[......###.#.#..#.##.#.#
.'...............#.#..#.##.#.#
##..........####.#.#..#.##.#.#
#........^.####.#.#..#.##.#.#
####..(.......#.#.#.......#.#
#..............#.##......#


You could see an orc priest (extremely poisoned).

Vanquished Creatures
  2 orcs (D:3)
  A ball python (D:2)
  4 endoplasms
  A giant cockroach (D:2)
  2 goblins (D:1)
  3 hobgoblins
  A jackal (D:1)
  5 kobolds
  4 quokkas
  2 bats (D:1)
  5 frilled lizards
  6 rats
36 creatures vanquished.

Notes
Turn   | Place    | Note
-------+----------+-------------------------------------------
     0 | D:1      | Gadfly the Deep Elf Alchemist began the quest for the Orb.
     0 | D:1      | Reached XP level 1. HP: 10/10 MP: 6/6
    83 | D:1      | Found Simusu's Assorted Antiques.
   257 | D:1      | Reached XP level 2. HP: 13/15 MP: 8/8
   261 | D:1      | Learned a level 2 spell: Mercury Vapours
  1102 | D:1      | Gained mutation: You are weak. (Str -2) [potion of
                  | mutation]
  1208 | D:2      | Found a glowing silver altar of Zin.
  1227 | D:2      | Reached XP level 3. HP: 20/20 MP: 7/9
  1843 | D:3      | Found Mumazieb's General Store.
  1931 | D:1      | Bought a scroll labelled XYSUOCR SYDISA for 21 gold pieces
  1931 | D:1      | Bought a yellow potion for 18 gold pieces
  1931 | D:1      | Bought a scroll labelled PESISHO YVUW for 21 gold pieces
  2009 | D:2      | Slain by an orc priest

Illustrated notes

Levels and vault maps discovered:
D:1:      dpeg_cavernosity, layout_loops_ring, serial_shops, shop
D:2:      layout_basic, basic_altar
D:3:      layout_basic, serial_shops, nicolae_shop_pleasant_corner_grove

Action                     || total
---------------------------++-------
  Melee: Dagger            ||    22
         Spear             ||    24
   Cast: Sting             ||    28
         Mercury Vapours   ||     2
    Use: Scroll            ||     6
         Potion            ||     3
   Stab: Sleeping          ||     5
 Armour: Robe              ||    22
  Dodge: Dodged            ||    31
